[ AOE2 MATCH · #494473349 ]
UnrankedBengalis vs Berbers
Player's team · WIN
Rival team · LOSS
[ REPLAY ANALYSIS · EXTRACTED FROM THE RECORDED GAME ]
Feudal
12:15
Castle
27:41
Imperial
35:51
| APM avg | 48.8 |
| APM peak | 81 |
| eAPM avg | 25.6 |
| Villagers / military | 139 / 268 |
Focus
⚔️ 39.2% · 🌾 60.8%
Ratha (Ranged) ×73 · Skirmisher ×64 · Scout Cavalry ×56 · Battle Elephant ×42 · Trebuchet (Packed) ×10 · Monk ×9
Feudal
8:51
Castle
27:32
Imperial
39:04
| APM avg | 42.2 |
| APM peak | 75 |
| eAPM avg | 24.3 |
| Villagers / military | 192 / 317 |
Focus
⚔️ 37.0% · 🌾 63.0%
Genitour ×116 · Scout Cavalry ×95 · Knight ×37 · Skirmisher ×22 · Bombard Cannon ×15 · Archer ×12
Match map
Initial resources + every placement click. Lines = walls · curves = elevation contours. ◆ gold · ⬟ stone · ● berries · ✦ relic · ◌ wall gap
Your base· Open — unwalled flank
MooN | MooN's base· Open — 4t gap
Smoothed initial terrain · ◌ = detected wall gap · hover for details
Inputs per minute
— Multimorbid - - MooN | MooN
Build order — Multimorbid
First 150 of 588 actions detected
| 0:01 | Create | Villager (Male) |
| 0:01 | Create | Villager (Male) |
| 0:02 | Create | Villager (Male) |
| 0:03 | Build | House |
| 0:05 | Build | House |
| 0:12 | Create | Villager (Male) |
| 1:28 | Create | Villager (Male) |
| 1:56 | Create | Villager (Male) |
| 2:03 | Build | Lumber Camp |
| 2:25 | Create | Villager (Male) |
| 2:52 | Create | Villager (Male) |
| 3:30 | Create | Villager (Male) |
| 3:42 | Create | Villager (Male) |
| 3:55 | Build | House |
| 4:02 | Create | Villager (Male) |
| 4:31 | Create | Villager (Male) |
| 4:46 | Build | Barracks |
| 4:56 | Create | Villager (Male) |
| 5:16 | Build | House |
| 5:44 | Build | Palisade Wall |
| 5:50 | Build | Palisade Wall |
| 5:55 | Create | Villager (Male) |
| 6:15 | Create | Villager (Male) |
| 6:27 | Build | Mill |
| 6:33 | Create | Villager (Male) |
| 6:34 | Create | Militia |
| 6:35 | Create | Militia |
| 6:54 | Create | Villager (Male) |
| 6:55 | Create | Militia |
| 7:17 | Build | Mill |
| 7:17 | Create | Villager (Male) |
| 7:36 | Create | Villager (Male) |
| 7:41 | Build | House |
| 7:46 | Build | House |
| 7:46 | Create | Villager (Male) |
| 8:10 | Build | House |
| 8:29 | Create | Villager (Male) |
| 9:10 | Create | Villager (Male) |
| 9:33 | Research | Feudal Age |
| 9:35 | Research | Loom |
| 9:35 | Research | Feudal Age |
| 9:43 | Build | Mining Camp |
| 10:17 | Create | Militia |
| 10:44 | Create | Militia |
| 11:12 | Build | House |
| 11:14 | Build | House |
| 11:33 | Create | Villager (Male) |
| 11:49 | Build | Mining Camp |
| 12:15 | Age | Feudal Age |
| 12:21 | Research | Man-at-Arms (upgrade) |
| 12:21 | Research | Man-at-Arms (upgrade) |
| 12:22 | Create | Villager (Male) |
| 12:34 | Research | Arson |
| 12:43 | Build | Watch Tower |
| 12:51 | Build | Archery Range |
| 13:01 | Create | Villager (Male) |
| 13:06 | Research | Double-Bit Axe |
| 13:24 | Build | House |
| 13:29 | Create | Villager (Male) |
| 13:46 | Build | House |
| 14:00 | Create | Villager (Male) |
| 14:00 | Create | Skirmisher |
| 14:01 | Create | Skirmisher |
| 14:09 | Build | Watch Tower |
| 14:14 | Build | Farm |
| 14:16 | Build | House |
| 14:17 | Build | House |
| 14:21 | Create | Villager (Male) |
| 14:32 | Create | Villager (Male) |
| 14:35 | Create | Skirmisher |
| 14:44 | Build | Blacksmith |
| 15:04 | Create | Villager (Male) |
| 15:07 | Build | House |
| 15:07 | Create | Villager (Male) |
| 15:15 | Create | Skirmisher |
| 15:21 | Build | Farm |
| 15:22 | Build | Farm |
| 15:25 | Research | Fletching |
| 15:38 | Build | Market |
| 15:39 | Build | House |
| 16:01 | Create | Skirmisher |
| 16:01 | Create | Villager (Male) |
| 16:03 | Create | Villager (Male) |
| 16:23 | Create | Skirmisher |
| 16:30 | Build | Farm |
| 16:31 | Build | Farm |
| 17:04 | Create | Villager (Male) |
| 17:13 | Create | Villager (Male) |
| 17:18 | Build | Farm |
| 17:19 | Build | Farm |
| 17:21 | Build | Farm |
| 17:35 | Create | Villager (Male) |
| 17:47 | Build | House |
| 17:49 | Research | Padded Archer Armor |
| 17:59 | Build | Watch Tower |
| 18:08 | Build | Farm |
| 18:10 | Build | Farm |
| 18:12 | Build | Palisade Wall |
| 18:14 | Create | Villager (Male) |
| 18:33 | Create | Villager (Male) |
| 18:38 | Build | Farm |
| 18:43 | Build | House |
| 18:46 | Create | Villager (Male) |
| 19:13 | Build | Watch Tower |
| 19:25 | Create | Villager (Male) |
| 19:28 | Create | Skirmisher |
| 19:28 | Create | Skirmisher |
| 19:35 | Build | Lumber Camp |
| 19:37 | Create | Villager (Male) |
| 19:44 | Build | House |
| 19:45 | Build | House |
| 19:49 | Build | House |
| 19:56 | Build | Palisade Wall |
| 19:56 | Build | Palisade Wall |
| 19:56 | Build | Palisade Wall |
| 19:56 | Build | Palisade Wall |
| 19:57 | Build | Palisade Wall |
| 19:57 | Build | Palisade Wall |
| 20:03 | Create | Spearman |
| 20:04 | Create | Spearman |
| 20:14 | Create | Villager (Male) |
| 20:19 | Build | Farm |
| 20:20 | Build | Farm |
| 20:27 | Create | Villager (Male) |
| 20:43 | Create | Villager (Male) |
| 20:46 | Create | Spearman |
| 20:58 | Build | House |
| 21:00 | Build | House |
| 21:04 | Build | Watch Tower |
| 21:15 | Build | House |
| 21:35 | Create | Villager (Male) |
| 21:39 | Create | Villager (Male) |
| 21:49 | Build | Farm |
| 21:51 | Research | Horse Collar |
| 21:52 | Create | Villager (Male) |
| 22:13 | Create | Skirmisher |
| 22:13 | Create | Skirmisher |
| 22:14 | Create | Spearman |
| 22:25 | Build | Farm |
| 22:26 | Build | Farm |
| 22:27 | Build | Farm |
| 22:28 | Build | Farm |
| 22:32 | Build | Lumber Camp |
| 22:47 | Create | Villager (Male) |
| 22:52 | Build | Watch Tower |
| 22:57 | Create | Spearman |
| 23:12 | Create | Skirmisher |
| 23:14 | Create | Spearman |
| 23:18 | Build | Farm |
| 23:20 | Research | Wheelbarrow |
Build order — MooN | MooN
First 150 of 607 actions detected
| 0:00 | Create | Villager (Male) |
| 0:01 | Create | Villager (Male) |
| 0:03 | Build | House |
| 0:04 | Build | House |
| 0:07 | Create | Villager (Male) |
| 0:07 | Create | Villager (Male) |
| 0:08 | Create | Villager (Male) |
| 1:25 | Create | Villager (Male) |
| 2:01 | Create | Villager (Male) |
| 2:01 | Create | Villager (Male) |
| 2:04 | Build | Lumber Camp |
| 2:27 | Create | Villager (Male) |
| 2:27 | Create | Villager (Male) |
| 2:49 | Create | Villager (Male) |
| 2:50 | Create | Villager (Male) |
| 3:14 | Create | Villager (Male) |
| 3:35 | Create | Villager (Male) |
| 3:35 | Create | Villager (Male) |
| 3:48 | Create | Villager (Male) |
| 3:57 | Build | House |
| 4:05 | Build | Mill |
| 4:18 | Create | Villager (Male) |
| 4:19 | Create | Villager (Male) |
| 4:50 | Create | Villager (Male) |
| 4:51 | Create | Villager (Male) |
| 5:35 | Create | Villager (Male) |
| 5:36 | Research | Loom |
| 6:39 | Research | Feudal Age |
| 7:02 | Build | Lumber Camp |
| 7:42 | Build | House |
| 7:44 | Build | Palisade Wall |
| 7:47 | Build | Palisade Wall |
| 7:48 | Build | Palisade Wall |
| 7:49 | Build | Palisade Wall |
| 7:49 | Build | Palisade Wall |
| 7:50 | Build | Palisade Wall |
| 8:19 | Build | Palisade Wall |
| 8:20 | Build | Palisade Wall |
| 8:27 | Build | Barracks |
| 8:36 | Build | Palisade Wall |
| 8:41 | Create | Villager (Male) |
| 8:51 | Age | Feudal Age |
| 8:51 | Build | Palisade Wall |
| 8:53 | Build | Palisade Wall |
| 8:56 | Build | Palisade Wall |
| 8:57 | Build | Palisade Wall |
| 8:59 | Build | Palisade Wall |
| 9:00 | Build | Palisade Wall |
| 9:12 | Create | Villager (Male) |
| 9:31 | Build | Archery Range |
| 9:37 | Create | Villager (Male) |
| 9:42 | Build | Mill |
| 9:53 | Create | Villager (Male) |
| 10:08 | Build | House |
| 10:17 | Build | Mining Camp |
| 10:27 | Create | Villager (Male) |
| 10:34 | Create | Skirmisher |
| 10:36 | Create | Skirmisher |
| 10:48 | Build | Palisade Wall |
| 10:50 | Build | Palisade Wall |
| 10:51 | Build | Palisade Wall |
| 10:55 | Build | Palisade Wall |
| 10:56 | Build | Palisade Wall |
| 11:01 | Create | Villager (Male) |
| 11:04 | Create | Skirmisher |
| 11:19 | Research | Double-Bit Axe |
| 11:21 | Create | Villager (Male) |
| 11:28 | Research | Horse Collar |
| 11:39 | Build | House |
| 11:59 | Create | Archer |
| 12:10 | Create | Archer |
| 12:12 | Build | Farm |
| 12:13 | Build | Farm |
| 12:16 | Create | Villager (Male) |
| 12:17 | Create | Villager (Male) |
| 12:26 | Build | Farm |
| 12:46 | Create | Villager (Male) |
| 13:10 | Build | Palisade Wall |
| 13:20 | Create | Villager (Male) |
| 13:22 | Build | Blacksmith |
| 13:24 | Build | House |
| 13:28 | Build | Farm |
| 13:29 | Create | Villager (Male) |
| 13:36 | Create | Archer |
| 13:36 | Create | Archer |
| 14:01 | Create | Archer |
| 14:05 | Create | Villager (Male) |
| 14:09 | Build | House |
| 14:13 | Create | Archer |
| 14:21 | Build | Watch Tower |
| 14:26 | Create | Villager (Male) |
| 14:43 | Create | Villager (Male) |
| 14:45 | Build | House |
| 14:48 | Build | Farm |
| 15:02 | Create | Villager (Male) |
| 15:15 | Research | Fletching |
| 15:21 | Build | Farm |
| 15:22 | Build | Farm |
| 15:35 | Create | Archer |
| 16:03 | Create | Villager (Male) |
| 16:05 | Create | Archer |
| 16:19 | Research | Padded Archer Armor |
| 16:38 | Create | Archer |
| 16:43 | Create | Villager (Male) |
| 16:44 | Create | Villager (Male) |
| 16:58 | Create | Villager (Male) |
| 17:06 | Build | Lumber Camp |
| 17:27 | Create | Archer |
| 17:38 | Create | Villager (Male) |
| 17:39 | Create | Archer |
| 17:58 | Build | Farm |
| 17:59 | Build | Farm |
| 18:11 | Create | Archer |
| 18:14 | Build | House |
| 18:16 | Build | House |
| 18:33 | Create | Skirmisher |
| 18:43 | Build | Stable |
| 18:44 | Create | Villager (Male) |
| 18:44 | Create | Villager (Male) |
| 18:44 | Create | Villager (Male) |
| 18:58 | Build | House |
| 19:00 | Build | House |
| 19:07 | Build | Farm |
| 19:09 | Create | Skirmisher |
| 19:33 | Build | Farm |
| 19:34 | Create | Scout Cavalry |
| 19:34 | Create | Scout Cavalry |
| 19:36 | Build | Farm |
| 19:38 | Build | Farm |
| 19:52 | Build | Mining Camp |
| 20:00 | Build | House |
| 20:15 | Build | Farm |
| 20:17 | Create | Villager (Male) |
| 20:18 | Create | Villager (Male) |
| 20:18 | Create | Villager (Male) |
| 20:26 | Create | Scout Cavalry |
| 20:30 | Build | Farm |
| 20:31 | Build | Mill |
| 20:41 | Create | Skirmisher |
| 20:41 | Create | Skirmisher |
| 20:41 | Create | Skirmisher |
| 21:31 | Create | Skirmisher |
| 21:31 | Create | Skirmisher |
| 21:32 | Create | Scout Cavalry |
| 21:33 | Create | Scout Cavalry |
| 21:50 | Create | Skirmisher |
| 21:52 | Create | Villager (Male) |
| 21:56 | Build | Farm |
| 21:57 | Build | Farm |
| 21:59 | Build | Farm |
Match timeline
| 4:46 | Multimorbid · first_building Barracks |
| 5:44 | Multimorbid · wall_segment Palisade Wall x1 |
| 5:50 | Multimorbid · wall_segment Palisade Wall x1 |
| 7:44 | MooN | MooN · wall_segment Palisade Wall x1 |
| 7:47 | MooN | MooN · wall_segment Palisade Wall x1 |
| 7:48 | MooN | MooN · wall_segment Palisade Wall x1 |
| 7:49 | MooN | MooN · wall_segment Palisade Wall x1 |
| 7:49 | MooN | MooN · wall_segment Palisade Wall x1 |
| 7:50 | MooN | MooN · wall_segment Palisade Wall x1 |
| 8:19 | MooN | MooN · wall_segment Palisade Wall x1 |
| 8:20 | MooN | MooN · wall_segment Palisade Wall x1 |
| 8:27 | MooN | MooN · first_building Barracks |
| 8:36 | MooN | MooN · wall_segment Palisade Wall x1 |
| 8:51 | MooN | MooN · age_up feudal |
| 8:51 | MooN | MooN · wall_segment Palisade Wall x1 |
| 8:53 | MooN | MooN · wall_segment Palisade Wall x1 |
| 8:56 | MooN | MooN · wall_segment Palisade Wall x1 |
| 8:57 | MooN | MooN · wall_segment Palisade Wall x1 |
| 8:59 | MooN | MooN · wall_segment Palisade Wall x1 |
| 9:00 | MooN | MooN · wall_segment Palisade Wall x1 |
| 9:31 | MooN | MooN · first_building Archery Range |
| 10:48 | MooN | MooN · wall_segment Palisade Wall x1 |
| 10:50 | MooN | MooN · wall_segment Palisade Wall x1 |
| 10:51 | MooN | MooN · wall_segment Palisade Wall x1 |
| 10:55 | MooN | MooN · wall_segment Palisade Wall x1 |
| 10:56 | MooN | MooN · wall_segment Palisade Wall x1 |
| 12:15 | Multimorbid · age_up feudal |
| 12:51 | Multimorbid · first_building Archery Range |
| 13:10 | MooN | MooN · wall_segment Palisade Wall x1 |
| 18:12 | Multimorbid · wall_segment Palisade Wall x9 |
| 18:43 | MooN | MooN · first_building Stable |
| 19:56 | Multimorbid · wall_segment Palisade Wall x1 |
| 19:56 | Multimorbid · wall_segment Palisade Wall x2 |
| 19:56 | Multimorbid · wall_segment Palisade Wall x1 |
| 19:56 | Multimorbid · wall_segment Palisade Wall x1 |
| 19:57 | Multimorbid · wall_segment Palisade Wall x2 |
| 19:57 | Multimorbid · wall_segment Palisade Wall x1 |
| 24:40 | MooN | MooN · first_market_buy 100 food |
| 24:44 | MooN | MooN · first_market_sell 100 wood |
| 24:54 | Multimorbid · first_market_buy 100 food |
| 24:57 | Multimorbid · first_market_sell 100 stone |
| 24:59 | MooN | MooN · wall_segment Palisade Wall x1 |
| 27:32 | MooN | MooN · age_up castle |
| 27:41 | Multimorbid · age_up castle |
| 27:47 | Multimorbid · first_building Castle |
| 28:32 | MooN | MooN · first_building Siege Workshop |
| 29:13 | Multimorbid · first_building Monastery |
| 29:46 | MooN | MooN · first_building Monastery |
| 34:08 | Multimorbid · first_building Stable |
| 35:51 | Multimorbid · age_up imperial |
| 38:37 | MooN | MooN · first_building Castle |
| 39:04 | MooN | MooN · age_up imperial |
| 40:04 | Multimorbid · first_building Siege Workshop |
| 59:00 | MooN | MooN · resign |
[ AI ANALYSIS · 1 CREDIT ]
What really happened in this match?
Wolo.gg analyzes every decision: build order, eco, micro, common mistakes by bracket. Personalized analysis on WhatsApp or Discord in 30 seconds.
Civ guide
Bengalis
Perfil
Multimorbid